 Dungeon Crawl Stone Soup version 0.29.1-2-gbd0b4ee654 (webtiles) character file.

Game seed: 3390248393354522068

390 raph the Frost Mage (level 6, -1/41 HPs)
             Began as a Merfolk Ice Elementalist on Oct 23, 2022.
             Slain by an ufetubus (2 damage)
             ... on level 2 of the Abyss.
             The game lasted 00:07:07 (4691 turns).

raph the Frost Mage (Merfolk Ice Elementalist)      Turns: 4691, Time: 00:07:08

Health: -1/41      AC:  3    Str:  8    XL:     6   Next: 80%
Magic:  7/9        EV: 12    Int: 17    God:
Gold:   158        SH:  0    Dex: 14    Spells: 2/9 levels left

rFire   . . .      SeeInvis .   t - +0 spear (venom)
rCold   + . .      Faith    .   (no shield)
rNeg    . . .      Spirit   .   a - +1 robe
rPois   .          Reflect  .   (no helmet)
rElec   .          Harm     .   (no cloak)
rCorr   .          Rampage  .   (no gloves)
Will    .....                   (no boots)
Stlth   ++........              (no amulet)
HPRegen 0.13/turn               k - ring of protection from cold
MPRegen 0.11/turn               e - ring of flight

@: flying
A: (nimble swimmer 2), mertail
a: no special abilities


You were on level 2 of the Abyss.
You visited 1 branch of the dungeon, and saw 5 of its levels.
You visited the Abyss 1 time.

You collected 158 gold pieces.

Inventory:

Hand Weapons
 b - a +2 dagger of holy wrath
 i - a +1 dagger of protection
 n - a +5 short sword
 q - a +0 trident
 t - a +0 spear of venom (weapon)
Missiles
 l - 3 javelins
Armour
 a - a +1 robe (worn)
Jewellery
 e - a ring of flight (right hand)
 k - a ring of protection from cold (left hand)
Wands
 r - a wand of polymorph (7)
Scrolls
 c - a scroll of magic mapping
 o - a scroll of amnesia
 s - a scroll of enchant armour
Potions
 d - 2 potions of flight
 f - 3 potions of heal wounds
 g - a potion of haste
 h - a potion of magic
 j - a potion of brilliance
 m - a potion of lignification {unknown}
 p - 2 potions of curing


   Skills:
 - Level 2.6 Dodging
 - Level 2.1 Stealth
 - Level 2.0 Spellcasting
 + Level 8.7 Ice Magic


You had 2 spell levels left.
You knew the following spells:

 Your Spells              Type           Power      Damage    Failure   Level
a - Freeze                Ice            100%       1d11      1%          1
b - Frozen Ramparts       Ice            62%        1d10      1%          3
c - Ozocubu's Armour      Ice            31%        N/A       1%          3

Your spell library contained the following spells:

 Spells                   Type           Power      Damage    Failure   Level
 Hailstorm                Conj/Ice       16%        3d6       32%         4


Dungeon Overview and Level Annotations

Branches:
Dungeon (5/15)
 Temple: D:4-7

Altars:
Ashenzari

Annotations:
D:3 Grinder


Innate Abilities, Weirdness & Mutations

((You are very nimble when in or above water. (Stealth+, EV+, Speed+++)))
Your lower body shifts to a powerful aquatic tail in water.


Message History

The walls around you are covered in ice.
The wall freezes the gnoll!
The gnoll closely misses you.
You reach to attack!
You hit the gnoll.
The gnoll is severely wounded.
The wall freezes the gnoll!
You kill the gnoll!
You start resting.
A gnoll sergeant is nearby!
Your frozen ramparts will break if you move.
Continue?
Okay, then.
The wall freezes the gnoll sergeant but does no damage.
You reach to attack!
You hit the gnoll sergeant but do no damage.
The gnoll sergeant is poisoned.
The wall freezes the gnoll sergeant!
The gnoll sergeant hits you from afar with a +3 spear of distortion!
Space warps horribly around you!
The wall freezes the gnoll sergeant but does no damage.
The gnoll sergeant hits you from afar with a +3 spear of distortion!
* * * LOW HITPOINT WARNING * * *
You are cast into the Abyss!
The frozen ramparts melt away.
This branch contains the abyssal rune of Zot.
The ufetubus shouts!
You barely miss the ufetubus. The ufetubus barely misses you.
The ufetubus closely misses you. The ufetubus barely misses you.
The ufetubus misses you.
You miss the ufetubus. The ufetubus misses you. The ufetubus barely misses you.
You hit the ufetubus but do no damage.
The ufetubus is poisoned.
The ufetubus misses you. The ufetubus hits you.
* * * LOW HITPOINT WARNING * * *
The ufetubus completely misses you. The ufetubus closely misses you.
You hit the ufetubus.
The ufetubus looks as sick as possible!
The ufetubus is heavily wounded.
The ufetubus barely misses you. The ufetubus hits you.
* * * LOW HITPOINT WARNING * * *
The ufetubus barely misses you. The ufetubus hits you.
* * * LOW HITPOINT WARNING * * *
The ufetubus attacks as you move away! The ufetubus closely misses you.
The ufetubus hits you.
You die...

.# ## .. ...#.#
###. .#
#..#...##.#.##.#
#.....#........#.
....... .........
...#...#.........
#...............
.......@.....# #
#.......5...##.#
.....#......#.#
.#~.P..##.....#
~..~...#.#....#
.~..~..# #.......
~.~.... #........
..~..# .........
..≈~ .........


You could see an ufetubus (extremely poisoned).

Vanquished Creatures
  A scorpion (D:4)
  A howler monkey (D:4)
  4 hounds (D:4)
  4 adders
  5 gnolls
  A worm (D:2)
  2 dart slugs
  2 orcs (D:3)
  8 ball pythons
  5 bats
  8 endoplasms
  10 goblins
  9 hobgoblins
  4 jackals (D:4)
  5 kobolds
  8 quokkas
  2 frilled lizards
  2 rats
81 creatures vanquished.

Notes
Turn   | Place    | Note
-------+----------+-------------------------------------------
     0 | D:1      | raph the Merfolk Ice Elementalist began the quest for the
                  | Orb.
     0 | D:1      | Reached XP level 1. HP: 13/13 MP: 3/3
    11 | D:1      | Found a broken altar of Ashenzari.
   454 | D:1      | Reached XP level 2. HP: 19/19 MP: 3/5
   592 | D:1      | Reached skill level 5 in Ice Magic
   725 | D:1      | Found a faded altar of an unknown god.
  1170 | D:2      | Reached XP level 3. HP: 19/24 MP: 2/6
  1298 | D:2      | Learned a level 3 spell: Frozen Ramparts
  1653 | D:2      | Reached skill level 6 in Ice Magic
  1799 | D:2      | Reached XP level 4. HP: 29/30 MP: 1/7
  1881 | D:2      | Learned a level 3 spell: Ozocubu's Armour
  3331 | D:3      | Noticed Grinder
  3363 | D:4      | Reached XP level 5. HP: 21/35 MP: 1/8
  3678 | D:4      | Reached skill level 7 in Ice Magic
  3818 | D:4      | Reached XP level 6. HP: 39/41 MP: 5/9
  3832 | D:4      | Reached skill level 8 in Ice Magic
  4394 | D:5      | Entered Level 5 of the Dungeon
  4682 | Abyss:2  | Cast into level 2 of the Abyss (gnoll sergeant)
  4690 | Abyss:2  | HP: 1/41 [ufetubus (2)]
  4691 | Abyss:2  | Slain by an ufetubus

Illustrated notes

Levels and vault maps discovered:
D:1:      dpeg_arrival_lava_altar, layout_basic, basic_ecumenical_altar
D:2:      layout_loops_cross, chequers_serial_rivers_micro_d, minivault_11
D:3:      layout_rooms, old_standard_altar, tso_oasis_becter,
          minmay_statues_item, dk_noncrumbling_4, uniq_grinder
D:4:      layout_cave_pools, st_stairs_5
D:5:      layout_cave_pools, minivault_26, uniq_menkaure, uniq_pikel,
          uniq_crazy_yiuf_cottage
Abyss:2:  base: D:3, hangedman_abyss_theft

Skill      XL: |  1  2  3  4  5  6 |
---------------+-------------------+-----
Ice Magic      | 5 6 7 8 |  8.7
Dodging        | |  2.6
Stealth        | |  2.1
Spellcasting   | |  2.0

Action                   |  1- 3 |  4- 6 || total
-------------------------+-------+-------++-------
Melee: Dagger            |    13 |    12 ||    25
       Unarmed           |     1 |       ||     1
       Short sword       |       |    12 ||    12
       Trident           |       |     9 ||     9
       Spear             |       |     6 ||     6
Throw: Javelin           |       |     2 ||     2
 Cast: Freeze            |    34 |     9 ||    43
       Frozen Ramparts   |     2 |    32 ||    34
       Ozocubu's Armour  |       |     1 ||     1
  Use: Potion            |     1 |       ||     1
       Scroll            |     6 |     5 ||    11
 Stab: Sleeping          |     5 |     3 ||     8
Armor: Robe              |     5 |    17 ||    22
Dodge: Dodged            |    26 |    67 ||    93
